 Dungeon Crawl Stone Soup version 0.22-a0-351-g29664b4 (webtiles) character file.

507 Kairos the Shield-Bearer (level 6, -2/57 HPs)
             Began as a Deep Dwarf Fighter on Apr 12, 2018.
             Slain by a gnoll
             ... wielding a +0 halberd
              (10 damage)
             ... on level 3 of the Dungeon.
             The game lasted 00:05:25 (1530 turns).

Kairos the Shield-Bearer (Deep Dwarf Fighter)       Turns: 1530, Time: 00:05:26

Health: -2/57      AC:  7    Str: 19    XL:     6   Next: 97%
Magic:  6/6        EV:  8    Int:  9    God:
Gold:   84         SH: 10    Dex: 14    Spells: 5/5 levels left

rFire    . . .     SeeInvis .   a - +0 war axe
rCold    . . .     Gourm    .   c - +0 shield
rNeg     . . .     Faith    .   b - +0 scale mail
rPois    .         Spirit   .   (no helmet)
rElec    .         Reflect  .   (no cloak)
rCorr    .         Harm     .   (no gloves)
MR       .....                  (no boots)
Stlth    ..........             (no amulet)
HPRegen  0.00/turn              (no ring)
MPRegen  0.10/turn              (no ring)

@: non-regenerating
A: damage resistance, heal wounds, sense surroundings 1, no regeneration
a: Heal Wounds


You were on level 3 of the Dungeon.
You were not hungry.

You visited 1 branch of the dungeon, and saw 3 of its levels.

You collected 84 gold pieces.

Inventory:

Hand Weapons
 a - a +0 war axe (weapon)
Armour
 b - a +0 scale mail (worn)
 c - a +0 shield (worn)
Scrolls
 g - a scroll of immolation
 j - a scroll of fog
 m - a scroll of amnesia
 n - a scroll of remove curse {unknown}
 o - a scroll of teleportation {unknown}
Potions
 d - 2 potions of might
 e - a potion of invisibility {unknown}
 h - 2 potions of lignification {unknown}
 k - 3 potions of flight {unknown}
 l - 2 potions of curing {unknown}
Comestibles
 f - 5 rations


   Skills:
 + Level 3.7 Fighting
 + Level 4.7 Axes
 + Level 5.1 Armour
 + Level 1.7 Dodging
 + Level 5.2 Shields


You had 5 spell levels left.
You didn't know any spells.

Dungeon Overview and Level Annotations

Branches:
Dungeon (3/15)

Altars:
Zin


Innate Abilities, Weirdness & Mutations

You are resistant to damage.
You can heal yourself by infusing magical energy.
You passively map a small area around you.
You do not regenerate.


Message History

The kobold barely misses you. The kobold hits you but does no damage.
You slash the kobold!
You kill the kobold!
Things that are here:
a dagger; a kobold corpse All of the chunks of flesh in your inventory have rotted away.
The gnoll barely misses you.
You slash the gnoll!
You kill the gnoll!
You block the gnoll's attack.
Things that are here:
a flail; a gnoll corpse You block the gnoll's attack.
You hit the gnoll.
The gnoll is moderately wounded.
You block the gnoll's attack.
You barely miss the gnoll.
The gnoll is moderately wounded.
The gnoll hits you with a halberd!
You die...

#.. ##...w...#.r.. #.#
#............# #.#
#.≈≈≈≈.≈≈≈≈≈.# #########.#
#.≈≈≈≈.≈≈≈≈≈..
........#†###.≈≈≈≈.≈≈≈≈≈..
.......(..†...≈≈≈≈.≈≈≈≈≈..
*
..............≈≈≈≈........
*
.......$)...>.......≈≈≈≈.#
,.........@g...≈≈≈≈≈.≈≈≈≈..
* #######.......≈≈≈≈≈.≈
≈≈.. #...)...≈≈≈≈≈.≈≈≈≈..
#.......≈≈≈≈≈.≈≈≈≈
#.....?.g..... ....#
#..........#. .....
#.........## ##.#.
#.....^...# ,#. #.........#
#..


You could see 2 gnolls.

Vanquished Creatures
  Grinder (D:3)
  A phantom (D:2)
  An orc priest (D:3)
  Natasha (thrice) (D:3)
  A gnoll (D:3)
  4 adders
  An ooze (D:2)
  3 worms
  A dart slug (D:1)
  4 leopard geckos
  4 orcs
  5 giant cockroaches
  5 goblins
  4 hobgoblins
  7 jackals
  8 kobolds
  3 quokkas
  A ball python (D:1)
  3 bats (D:1)
  5 frilled lizards
  8 rats
73 creatures vanquished.

Notes
Turn   | Place    | Note
-------+----------+-------------------------------------------
     0 | D:1      | Kairos the Deep Dwarf Fighter began the quest for the Orb.
     0 | D:1      | Reached XP level 1. HP: 20/20 MP: 1/1
    84 | D:1      | Reached XP level 2. HP: 21/27 MP: 2/2
   298 | D:1      | Reached XP level 3. HP: 22/34 MP: 3/3
   896 | D:2      | Found a glowing silver altar of Zin.
   946 | D:2      | Reached XP level 4. HP: 23/42 MP: 4/4
  1110 | D:3      | Noticed Grinder
  1130 | D:3      | Killed Grinder
  1130 | D:3      | Reached skill level 1 in Dodging
  1130 | D:3      | Reached XP level 5. HP: 18/49 MP: 5/5
  1145 | D:3      | Reached XP level 6. HP: 18/56 MP: 6/6
  1212 | D:3      | Noticed Natasha
  1281 | D:3      | Killed Natasha
  1314 | D:2      | Reached skill level 5 in Shields
  1444 | D:3      | Noticed Natasha
  1460 | D:3      | Killed Natasha
  1460 | D:3      | Reached skill level 5 in Armour
  1477 | D:3      | Noticed Natasha
  1494 | D:3      | Killed Natasha
  1530 | D:3      | Slain by a gnoll

Vault maps used:
D:1:      sevenhm_arrival_forest_fort_small_4, serial_bayou_pond_e
D:2:      zin_statuary
D:3:      grunt_ministairs_6, minivault_14, grunt_dithmenos_smoke, uniq_grinder,
          uniq_natasha

Skill      XL: |  1  2  3  4  5  6 |
---------------+-------------------+-----
Fighting       | 3 |  3.7
Armour         | 4 5 |  5.1
Axes           | 3 4 |  4.7
Dodging        | 1 |  1.7
Shields        | 4 5 |  5.2

Action                   |  1- 3 |  4- 6 || total
-------------------------+-------+-------++-------
Melee: War axe           |   149 |    79 ||   228
Evoke: Wand              |       |     7 ||     7
  Use: Scroll            |       |     4 ||     4
       Potion            |       |     2 ||     2
  Eat: Chunk             |       |     3 ||     3
Armor: Scale mail        |    96 |    47 ||   143
Dodge: Dodged            |    44 |    31 ||    75
Block: Shield            |    89 |    68 ||   157

Table legend:
 A = Spawn XP
 B = Non-spawn XP
 C = Spawn XP percentage of total XP
 D = Spawn monster count
 E = Non-spawn monster count
 F = Spawn count percentage of total count
 G = Total turns spent on level
                    A         B        C        D         E        F      G
               +---------+---------+-------+---------+---------+-------+---------
         Total |       0 |     725 |   0.0 |       0 |      73 |   0.0 |  1530
               +---------+---------+-------+---------+---------+-------+---------
           D:1 |       0 |      52 |   0.0 |       0 |      29 |   0.0 |   709
           D:2 |       0 |     192 |   0.0 |       0 |      19 |   0.0 |   543
           D:3 |       0 |     481 |   0.0 |       0 |      25 |   0.0 |   278
               +---------+---------+-------+---------+---------+-------+---------
